 Dungeon Crawl Stone Soup version 0.30-a0-760-g5a9884bb7c (webtiles) character file.

Game seed: 6553133101859141801

9 boo the Trooper (level 2, -2/27 HPs)
             Began as a Hill Orc Fighter on Feb 10, 2023.
             Succumbed to a kobold's poison
             ... on level 1 of the Dungeon.
             The game lasted 00:00:25 (161 turns).

boo the Trooper (Hill Orc Fighter)                   Turns: 161, Time: 00:00:26

Health: -2/27      AC:  6    Str: 18    XL:     2   Next: 16%
Magic:  2/2        EV:  9    Int:  8    God:
Gold:   20         SH:  4    Dex: 10    Spells: 1/1 levels left

rFire   . . .      SeeInvis .    a - +0 war axe
rCold   . . .      Faith    .    c - +0 buckler
rNeg    . . .      Spirit   .    b - +0 scale mail
rPois   .          Reflect  .    (no helmet)
rElec   .          Harm     .    (no cloak)
rCorr   .          Rampage  .    (no gloves)
Will    .....                    (no boots) Stlth
                                 (no amulet)
HPRegen 0.24/turn                (no ring)
MPRegen 0.08/turn                (no ring)

@: lethally poisoned (-2 -> -12)
A: no striking features
a: no special abilities


You were on level 1 of the Dungeon.
You visited 1 branch of the dungeon, and saw 1 of its levels.

You collected 20 gold pieces.

Inventory:

Hand Weapons
 a - a +0 war axe (weapon)
Armour
 b - a +0 scale mail (worn)
 c - a +0 buckler (worn)
Potions
 d - a potion of might
 e - a potion of attraction {unknown}


   Skills:
 + Level 3.8 Fighting
 * Level 3.2 Axes
 + Level 3.4 Armour
 + Level 3.4 Shields


You had one spell level left.
You didn't know any spells.
Your spell library was empty.

Dungeon Overview and Level Annotations

Branches:
Dungeon (1/15)

Altars:


Message History

The kobold is severely wounded.
You block the kobold's attack.
You barely miss the kobold.
The kobold is severely wounded.
The kobold closely misses you.
The kobold hits you with a +0 short sword.
You hit the kobold.
You kill the kobold!
You have reached level 2!
You closely miss the kobold.
A hobgoblin comes into view.
The kobold barely misses you. You block the kobold's attack.
You barely miss the kobold. The kobold hits you but does no damage.
You are poisoned.
You closely miss the kobold.
You feel very sick.
The kobold hits you with a +0 dagger of venom.
You barely miss the kobold.
You feel sick. The kobold hits you but does no damage.
You are more poisoned.
The kobold hits you with a +0 dagger of venom.
You are lethally poisoned!
You hit the kobold.
You kill the kobold!
* * * LOW HITPOINT WARNING * * *
You feel extremely sick.
You are too injured to fight recklessly!
You are too injured to fight recklessly!
You are too injured to fight recklessly!
You are too injured to fight recklessly!
You hit the hobgoblin.
You kill the hobgoblin!
* * * LOW HITPOINT WARNING * * *
You feel very sick.
* * * LOW HITPOINT WARNING * * *
You feel very sick.
Things that are here:
a +0 dagger of venom; a quokka corpse
Found a lumpy silvery potion.
You die...

#.# #.# ##'## #...#
#...#
#...#############..
#.................
####...........)####.#..
...............)@.......
####...#.######.####.#.!
.......#.# #.#
#####..#.# #.# #..#.#
#.. ####..#.#########
.................
#####..#.#########
.......#...#####


There were no monsters in sight!

Vanquished Creatures
  A giant cockroach (D:1)
  A hobgoblin (D:1)
  A quokka (D:1)
  3 ball pythons (D:1)
  A bat (D:1)
  3 kobolds (D:1)
10 creatures vanquished.

Notes
Turn   | Place    | Note
-------+----------+-------------------------------------------
     0 | D:1      | boo the Hill Orc Fighter began the quest for the Orb.
     0 | D:1      | Reached XP level 1. HP: 19/19 MP: 1/1
   154 | D:1      | Reached XP level 2. HP: 22/27 MP: 2/2
   160 | D:1      | HP: 1/27 [poisoned by a kobold]
   161 | D:1      | Succumbed to a kobold's poison

Illustrated notes

Levels and vault maps discovered:
D:1:      noname_arrival_rooms_in_the_neighbourhood, layout_basic

Skill      XL: |  1 |
---------------+----+-----
Axes           | 3 |  3.2
Fighting       | |  3.8
Armour         | |  3.4
Shields        | |  3.4

Action                     || total
---------------------------++-------
  Melee: War axe           ||    23
 Armour: Scale mail        ||     9
  Dodge: Dodged            ||     8
  Block: Buckler           ||     4

Table legend: (Time is in decaauts)
 A = Elapsed time spent in this place.
 B = Non-inter-level travel time spent in this place.
 C = Inter-level travel time spent in this place.
 D = Time resting spent in this place.
 E = Time spent auto-exploring this place.
 F = Levels seen in this place.
 G = Mean time per level.
                   A        B        C        D        E       F      G
               +--------+--------+--------+--------+--------+-----+--------+
         Total |    169 |    169 |      0 |      0 |    118 |   1 |  169.0 |
       Dungeon |    169 |    169 |      0 |      0 |    118 |   1 |  169.0 |
               +--------+--------+--------+--------+--------+-----+--------+

Top non-repeatable levels by time:
     D:1: 169 daAuts
